 Dungeon Crawl Stone Soup version 0.29.1-13-g9f3cf754e1 (webtiles) character file.

Game seed: 18175252833707120001

3735 crompyre the Fighter (level 10, 0/123 HPs)
             Began as a Djinni Conjurer on Feb 2, 2023.
             Was a Believer of Ashenzari.
             Slain by Duvessa the gnoll
             ... wielding a +0 short sword
              (3 damage)
             ... on level 4 of the Dungeon.
             The game lasted 00:44:18 (10760 turns).

crompyre the Fighter (Djinni Conjurer)             Turns: 10760, Time: 00:44:19

Health: 0/123      AC: 25    Str:  6    XL:     10   Next: 37%
Gold:   151        EV:  2    Int: 24    God:    Ashenzari [**....] SH:  0 Dex: 12

rFire   . . .      SeeInvis +   n - +1 whip of the Cursed Stars {elec, Evo, Melee} (curse)
rCold   . . .      Faith    .   (no shield)
rNeg    . . .      Spirit   .   (body armour currently unavailable)
rPois   ∞          Reflect  .   (helmet currently unavailable)
rElec   .          Harm     .   (cloak currently unavailable)
rCorr   .          Rampage  .   (gloves currently unavailable)
Will    ++...      NoTele   +   (boots unavailable)
Stlth   ++........              (no amulet)
HPRegen 0.30/turn               q - ring of willpower
MPRegen 0.00/turn               t - ring of the Chained Blue Moon {Wiz, Range, Self} (curse)

@: tree-form
A: stationary, stasis, torment immunity, boosted hp, sickness immunity, (fire
resistance 2), (cold vulnerability 1), float, innate caster, HP casting, extra
vitality 1
a: Renounce Religion, Shatter the Chains


You were on level 4 of the Dungeon.
You worshipped Ashenzari.
Ashenzari was pleased with you.
You were a tree.
You visited 2 branches of the dungeon, and saw 9 of its levels.

You collected 322 gold pieces.
You spent 171 gold pieces at shops.

Inventory:

Hand Weapons
 n - the cursed +1 whip of the Cursed Stars (weapon) {elec, Evo, Melee}
   (You took it off a kobold on level 3 of the Dungeon)

   It occasionally discharges a powerful burst of electricity upon striking a
   foe.
   It has a curse which improves the following skills: Evocations: Evocations.
   Melee Combat: Short Blades, Long Blades, Axes, Maces & Flails, Polearms,
   Staves and Unarmed Combat.
Missiles
 r - a throwing net
Armour
 a - a +2 cloak of stealth (melded)
 x - a +1 helmet (melded)
 A - +0 steam dragon scales
 C - the cursed +1 robe of the Shattered Sage (melded) {Slay+5, Melee, Range}
   (You bought it in a shop on level 6 of the Dungeon)

   Slay:      It affects your accuracy & damage with ranged weapons and melee
   (+5).
   It has a curse which improves the following skills: Melee Combat: Short
   Blades, Long Blades, Axes, Maces & Flails, Polearms, Staves and Unarmed
   Combat.
   Ranged Combat: Ranged Weapons and Throwing.
Jewellery
 q - a ring of willpower (left branch)
 t - the cursed ring of the Chained Blue Moon (right branch) {Wiz, Range, Self}
   (You found it on level 4 of the Dungeon)

   [ring of wizardry]

   It improves your spell success rate.
   It has a curse which improves the following skills: Ranged Combat: Ranged
   Weapons and Throwing.
   Introspection: Fighting and Spellcasting.
 u - a ring of protection from fire
Wands
 m - a wand of digging (6)
 v - a wand of charming (6)
 z - a wand of polymorph (9)
 B - a wand of flame (38)
Scrolls
 b - 2 scrolls of butterflies
 d - 3 scrolls of fear
 e - 2 scrolls of enchant weapon
 f - a scroll of vulnerability
 k - 8 scrolls of identify
 o - 2 scrolls of immolation
 s - a scroll of magic mapping
 y - a scroll of poison
 E - 3 scrolls of brand weapon
Potions
 c - 3 potions of mutation
 g - 2 potions of cancellation
 h - a potion of lignification
 i - a potion of berserk rage
 j - a potion of flight
 l - 2 potions of haste
 p - 2 potions of degeneration


   Skills:
 + Level 9.7(11.0) Fighting
 - Level 3.1 Dodging
 - Level 2.3 Stealth
 + Level 8.4(9.7) Spellcasting


You had 5 spell levels left.
You knew the following spells:

 Your Spells              Type           Power      Damage    Failure   Level
a - Magic Dart            Conj           100%       1d8       1%          1
b - Searing Ray           Conj           100%       2d8       1%          2
c - Dazzling Flash        Conj/Hex       100%       N/A       1%          3
d - Fulminant Prism       Conj/Hex       27%        3d14      1%          4
e - Iskenderun's Mystic   Conj/Tloc      55%        2d12      1%          4
f - Apportation           Tloc           100%       N/A       1%          1
g - Static Discharge      Conj/Air       55%        3-10/arc  1%          2
h - Inner Flame           Hex/Fire       55%        N/A       1%          3
z - Summon Guardian Gole  Hex/Summ       55%        N/A       1%          3
Your spell library was empty.

Dungeon Overview and Level Annotations

Branches:
Dungeon (8/15) Zot: 26831  Temple (1/1) D:5 Zot: 5853
   Lair: D:8-11

Altars:
Ashenzari
Cheibriados
Dithmenos
Fedhas
Gozag
Qazlal
Ru
Trog
Uskayaw
Xom
Zin

Shops:
D:4 *   D:6 [

Annotations:
D:4 Duvessa


Innate Abilities, Weirdness & Mutations

You are a tree.
Your roots penetrate the ground, keeping you stationary.
You cannot be teleported.
You are immune to unholy pain and torment.
Your maximum health is greatly increased.
Your equipment is partially melded.
You are immune to sickness and miasma.
You are immune to poison.
((Your flesh is very heat resistant. (rF++)))
((You are vulnerable to cold. (rC-)))
You float through the air rather than walking.
You learn spells naturally, not from books.
Your magical power is your life essence.
You have superior vitality. (+4 MHP)


Message History

Your +2 cloak of stealth melds into your body.
Your +1 helmet melds into your body.
The cursed +1 robe of the Shattered Sage {Slay+5, Melee, Range} melds into your body.
You feel less stealthy.
Your roots penetrate the ground.
Duvessa hits you with a +0 short sword!
* * * LOW HITPOINT WARNING * * *
Okay, then.
You can't see any enemies this would affect, really read the scroll of fear? [Y]es or [N]o only, please.
You can't see any enemies this would affect, really read the scroll of fear?
Okay, then.
Aiming: Charm
Press: ? - help, Shift-Dir - straight line, f - you
Okay, then.
Aiming: Polymorph
Press: ? - help, Q - select action, (/) - cycle Shift-Dir - straight line, f - Duvessa
Aim: Duvessa, wielding a +0 short sword and wearing a +0 leather armour (heavily wounded, berserk, ally target, will become a gnoll, a worm, or a kobold, chance to affect: 31%) Duvessa easily resists.
Duvessa hits you but does no damage. x2
Aiming: Polymorph
Press: ? - help, Q - select action, (/) - cycle Shift-Dir - straight line, f/p - Duvessa
Aim: Duvessa, wielding a +0 short sword and wearing a +0 leather armour (heavily wounded, berserk, ally target, will become a gnoll, a worm, or a kobold, chance to affect: 31%) Duvessa evaporates and reforms as a gnoll!
Duvessa picks up a +0 short sword.
Duvessa wields a +0 short sword.
You hit Duvessa.
Duvessa is lightly wounded.
Duvessa picks up a +0 leather armour.
Duvessa wears a +0 leather armour.
You hit Duvessa but do no damage.
Duvessa is lightly wounded.
Duvessa hits you but does no damage.
You closely miss Duvessa.
Duvessa is lightly wounded.
Duvessa hits you but does no damage.
You closely miss Duvessa.
Duvessa is lightly wounded.
Duvessa hits you but does no damage.
You hit Duvessa but do no damage.
Duvessa is lightly wounded.
Duvessa hits you with a +0 short sword.
You die...

).###..####........##.#
.)###...##..........#.###
...#.......#............#
...........#...........##
....###.................#
....###.........>..##.###
......###.......9.....##
........#..##...g......#
.[...##....#....♣......##
.....##.....#.....#.....#
#..##.###.####.##.....###
#..#..##### #.....#...#
#.......# ##...#...#.#
......######....#.#...#
....###....##..##...#.#
#..##.......#..##.#...#
#..#....♣♣♣.##.##...#.#


You could see Duvessa the gnoll (ally target) and a friendly guardian golem
(summoned).

Vanquished Creatures
  A two-headed ogre (D:7)
  Maggie (D:6)
  A hornet (D:7)
  Prince Ribbit (D:6)
  4 ice beasts
  A centaur (D:7)
  3 phantoms
  2 kobold brigands
  Blork the orc (D:6)
  A bullfrog (D:7)
  A necrophage (D:5)
  A scorpion (D:5)
  7 wights (D:7)
  Dowan (D:5)
  A howler monkey (D:3)
  4 electric eels (D:6)
  An orc priest (D:5)
  2 hounds (D:6)
  Crazy Yiuf (D:6)
  4 jellies
  7 iguanas
  Ijyb (D:3)
  3 orc wizards
  9 adders
  12 gnolls
  2 shadow imps
  A white imp (D:7)
  An ufetubus (D:7)
  A worm (D:2)
  23 orcs
  2 bats (D:3)
  7 endoplasms
  A giant cockroach (D:4)
  7 hobgoblins
  14 jackals
  18 kobolds
  2 quokkas
  2 training dummies (D:5)
  4 ball pythons
  2 frilled lizards
  9 goblins
  A rat (D:3)
168 creatures vanquished.

Vanquished Creatures (others)
  26 fulminant prisms
  19 plants (D:6)
45 creatures vanquished.

Grand Total: 213 creatures vanquished

Notes
Turn   | Place    | Note
-------+----------+-------------------------------------------
     0 | D:1      | crompyre the Djinni Conjurer began the quest for the Orb.
     0 | D:1      | crompyre set off with the following spells memorised: Magic
                  | Dart, Searing Ray, Dazzling Flash, Fulminant Prism,
                  | Iskenderun's Mystic Blast.
     0 | D:1      | Reached XP level 1. HP: 15/15 MP: 0/0
   107 | D:1      | Reached XP level 2. HP: 3/21 MP: 0/0
   384 | D:1      | Found a faded altar of an unknown god.
   392 | D:1      | Prayed at the altar of an unknown god.
   392 | D:1      | Became a worshipper of Ashenzari the Shackled
  1416 | D:2      | You are sucked into a shaft and drop 2 floors!
  1565 | D:3      | Reached XP level 3. HP: 15/25 MP: 0/0
  1565 | D:3      | Learned a level 1 spell: Apportation
  2222 | D:2      | Reached XP level 4. HP: 28/31 MP: 0/0
  3050 | D:3      | Reached skill level 1 in Fighting
  3143 | D:3      | Noticed Ijyb
  3153 | D:3      | Killed Ijyb
  3154 | D:3      | Reached XP level 5. HP: 11/37 MP: 0/0
  3154 | D:3      | Learned a level 2 spell: Static Discharge
  3543 | D:3      | Reached skill level 2 in Fighting
  3697 | D:3      | Reached * piety under Ashenzari
  3847 | D:3      | Reached XP level 6. HP: 34/46 MP: 0/0
  4361 | D:4      | Reached skill level 3 in Fighting
  4648 | D:4      | Found Zin's Purification Station.
  4651 | D:4      | Found a glowing silver altar of Zin.
  4954 | D:4      | Found a broken altar of Ashenzari.
  5183 | D:4      | Found a bloodstained altar of Trog.
  5211 | D:4      | Found a snail-covered altar of Cheibriados.
  5454 | D:4      | Reached XP level 7. HP: 42/51 MP: 0/0
  5454 | D:4      | Learned a level 3 spell: Inner Flame
  5631 | D:5      | Entered Level 5 of the Dungeon
  5704 | D:5      | Reached skill level 4 in Fighting
  5704 | D:5      | Reached skill level 5 in Spellcasting
  6057 | D:5      | Noticed Duvessa
  6057 | D:5      | Noticed Dowan
  6067 | D:5      | Killed Dowan
  6243 | D:5      | Reached skill level 5 in Fighting
  6243 | D:5      | Reached XP level 8. HP: 26/59 MP: 0/0
  6262 | D:5      | Found a staircase to the Ecumenical Temple.
  6275 | Temple   | Entered the Ecumenical Temple
  7414 | D:6      | Reached skill level 6 in Fighting
  7447 | D:6      | Noticed Prince Ribbit
  7453 | D:6      | Killed Prince Ribbit
  7997 | D:6      | Reached XP level 9. HP: 41/67 MP: 0/0
  7997 | D:6      | Learned a level 3 spell: Summon Guardian Golem
  7997 | D:6      | Reached ** piety under Ashenzari
  8236 | D:6      | Noticed Blork the orc
  8239 | D:6      | Killed Blork the orc
  8240 | D:6      | Reached skill level 7 in Fighting
  8274 | D:6      | Noticed Maggie
  8496 | D:6      | Killed Maggie
  8764 | D:6      | Found a runed translucent door.
  8765 | D:6      | Noticed Crazy Yiuf
  8772 | D:6      | Killed Crazy Yiuf
  8814 | D:6      | Found Xucreuv's Antique Armour Boutique.
  8822 | D:6      | Bought a shadowed robe for 171 gold pieces
  8822 | D:6      | Identified the +1 robe of Complete Protection {Slay+5} (You
                  | bought it in a shop on level 6 of the Dungeon)
  8850 | D:6      | Found a blossoming altar of Fedhas.
  9030 | D:6      | Reached skill level 8 in Fighting
  9147 | D:6      | Found a sacrificial altar of Ru.
  9153 | D:6      | Found a shimmering altar of Xom.
  9158 | D:6      | Found a hide-covered altar of Uskayaw.
  9213 | D:7      | Noticed a hornet
  9219 | D:7      | Killed a hornet
  9473 | D:7      | Reached XP level 10. HP: 46/79 MP: 0/0
  9792 | D:7      | Reached skill level 9 in Fighting
  9855 | D:7      | Noticed a two-headed ogre
  9868 | D:7      | Killed a two-headed ogre
 10753 | D:4      | HP: 1/123 [Duvessa/+0 short sword (12)]
 10755 | D:4      | Noticed Duvessa
 10755 | D:4      | Duvessa changed into Duvessa the gnoll
 10760 | D:4      | Slain by Duvessa the gnoll

Illustrated notes

Levels and vault maps discovered:
D:1:      dpeg_arrival_refuge, layout_basic, basic_ecumenical_altar,
          minmay_cupped
D:2:      layout_loops_cross
D:3:      kennysheep_goblin_castle, layout_basic,
          grunt_temple_overflow_magic_moments
D:4:      layout_cave_pools, old_standard_altar, mainiacjoe_overflow_two_lobes,
          zin_purify, minmay_misc_feat_pillars
D:5:      dreamdust_elfheim, layout_basic, minmay_temple_entry_statues_fountains
D:6:      layout_basic, mainiacjoe_overflow_tiny_flanked,
          minmay_overflow_temple_star_quad, serial_shops,
          nicolae_shop_behind_doors, serial_bayou_lake_a, uniq_blork_the_orc,
          uniq_prince_ribbit1, uniq_maggie, uniq_crazy_yiuf_cottage
D:7:      layout_cave_pools, grunt_ministairs_12, palyth_stone_intersect,
          glass_columns_c
D:8:      nzn_winding_woodlands_small [nzn_winding_woodlands_5x15_twine,
          nzn_winding_woodlands_center_triple_pond,
          nzn_winding_woodlands_5x15_river_crossing], layout_gridville,
          nicolae_wu_jian_immortal_techniques, serial_shops,
          nicolae_stop_n_shop_2, uniq_grum
Temple:   eino_wide_crystal_templ

Skill      XL: |  1  2  3  4  5  6  7  8  9 10 |
---------------+-------------------------------+-----
Stealth        | 2 |  2.3
Dodging        | 3 |  3.1
Fighting       | 1 2 3 5 6 8 9 |  9.7
Spellcasting   | 4 5 6 7 8 |  8.4

Action                   |  1- 3 |  4- 6 |  7- 9 | 10-12 || total
-------------------------+-------+-------+-------+-------++-------
Melee: Whip              |       |     4 |     3 |    21 ||    28
 Cast: Magic Dart        |    60 |   134 |   113 |    39 ||   346
       Searing Ray       |     2 |     6 |    14 |     2 ||    24
       Fulminant Prism   |       |     2 |    18 |     6 ||    26
       Static Discharge  |       |       |    15 |     1 ||    16
       Iskenderun's Myst |       |       |       |     4 ||     4
       Summon Guardian G |       |       |       |     3 ||     3
       Dazzling Flash    |       |       |       |     2 ||     2
Invok: Curse Item        |     1 |     2 |     1 |     1 ||     5
       Shatter the Chain |       |     1 |     1 |       ||     2
Evoke: Wand              |       |       |       |     2 ||     2
  Use: Scroll            |       |       |     3 |     1 ||     4
       Potion            |       |       |     2 |     3 ||     5
 Stab: Invisible         |       |       |       |     1 ||     1
Armor: Robe              |       |       |     4 |     8 ||    12
       Steam dragon scal |       |       |     1 |       ||     1
       Skin              |       |       |       |     5 ||     5
Dodge: Dodged            |     5 |    21 |    25 |    15 ||    66
